 Dungeon Crawl Stone Soup version 0.31.0-11-ge490571c62 (webtiles) character file.

Game seed: 12224136720697530817

6923 qw the Skirmisher (level 10, -15/45 (51) HPs)
             Began as a Spriggan Hunter on Feb 3, 2024.
             Was a Priest of Okawaru.
             Killed from afar by Josephine (28 damage)
             ... with a ghostly fireball
             ... on level 9 of the Dungeon.
             The game lasted 00:11:14 (19847 turns).

qw the Skirmisher (Spriggan Hunter)                Turns: 19847, Time: 00:11:15

HP:   -15/45 (51)   AC: 14    Str:  7    XL:     10   Next: 80%
MP:   12/14         EV: 35    Int: 11    God:    Okawaru [***...]
Gold: 326           SH:  0    Dex: 23    Spells: 9/9 levels left

rFire   . . .        p - +0 orcbow
rCold   . . .        (shield currently unavailable)
rNeg    . . .        s - +0 steam dragon scales
rPois   .            b - +2 hat
rElec   .            c - +1 cloak {Will+}
rCorr   .            (gloves unavailable)
SInv    +            (boots unavailable)
Will    ++...        l - amulet of the acrobat
Stlth   ++++         i - +4 ring of slaying {mikee}
HPRegen 0.27/turn    m - +4 ring of protection
MPRegen 0.14/turn

%: acrobat
@: heroic, heavily drained, very quick
A: very small, no large weapons, unfitting armour, see invisible, speed 3
a: Renounce Religion, Heroism


You were on level 9 of the Dungeon.
You worshipped Okawaru.
Okawaru was most pleased with you.
You visited 2 branches of the dungeon, and saw 11 of its levels.

You collected 594 gold pieces.
You spent 268 gold pieces at shops.


Innate Abilities, Weirdness & Mutations

You are very small and have problems with some larger weapons.
You are too small for most types of armour.
You have supernaturally acute eyesight. (SInv)
You cover ground extremely quickly. (Speed+++)


   Skills:
 + Level 4.7(9.7) Fighting
 - Level 12.4(17.4) Ranged Weapons
 - Level 1.9(6.9) Armour
 - Level 12.1(17.1) Dodging
 - Level 1.5(6.5) Stealth
 - Level 4.1 Invocations


You had 9 spell levels left.
You didn't know any spells.
Your spell library was empty.

Inventory:

Hand Weapons
 p - a +0 orcbow (weapon)
Armour
 b - a +2 hat (worn)
 c - a +1 cloak of willpower (worn)
 s - +0 steam dragon scales (worn)
Jewellery
 i - a +4 ring of slaying (left hand) {mikee}
 l - an amulet of the acrobat (around neck)
 m - a +4 ring of protection (right hand)
 u - a ring of protection from fire
Wands
 n - a wand of mindburst (15)
 t - a wand of polymorph (3)
Scrolls
 h - 5 scrolls of teleportation
Potions
 d - a potion of heal wounds
 e - a potion of haste {unknown}
 f - a potion of degeneration {unknown}
 g - 3 potions of mutation
 j - 4 potions of enlightenment
 k - 2 potions of might
 o - a potion of cancellation
 r - a potion of curing

Dungeon Overview and Level Annotations

Branches:
Dungeon (10/15)            Temple (1/1) D:7
   Lair: D:8-11         Orc: D:9-12

Altars:
Ashenzari
Cheibriados
Dithmenos
Elyvilon
Fedhas
Gozag
Makhleb
Nemelex Xobeh
Okawaru
Qazlal
Ru
Sif Muna
Trog
Uskayaw
Vehumet
Xom
Yredelemnul
Zin
The Shining One

Shops:
D:2 :?*   D:5 ?!*:(

Annotations:
D:8 3 runed translucent doors, qw's ghost, novice DEHu
D:9 Josephine


Message History

You feel like a meek peon again.
HP restored.
You climb downwards.
Level annotation: Josephine The wraith barely misses you.
The wraith hits you.
A wraith comes into view. x2
There is a stone staircase leading up here.
19839 ||| STAIRDANCE HP restored.
The wraith closely misses you. Josephine casts a spell at you.
The ghostly flame explodes!
The ghostly fireball engulfs you!!
You feel drained.
Ouch! That really hurt!
The ghostly fireball engulfs Josephine.
Josephine completely resists.
The ghostly fireball engulfs the wraith.
The wraith completely resists.
You climb upwards.
There is a stone staircase leading down here.
19841 ||| INVOKING Heroism.
You gain the combat prowess of a mighty hero.
Josephine closely misses you. The wraith completely misses you.
You shoot an arrow. The arrow barely misses Josephine.
You shoot an arrow. The arrow hits Josephine!!
Josephine is moderately wounded.
Josephine completely misses you. The wraith completely misses you.
You shoot an arrow. The arrow barely misses Josephine.
Josephine gestures at you while chanting.
The ghostly flame explodes!
The ghostly fireball engulfs you!
You feel drained.
The ghostly fireball engulfs the wraith.
The wraith completely resists.
The ghostly fireball engulfs Josephine.
Josephine completely resists.
The wraith closely misses you.
You shoot an arrow. The arrow hits Josephine!
Josephine is heavily wounded.
Josephine hits you but does no damage. The wraith misses you.
You shoot an arrow. The arrow hits Josephine!
Josephine is severely wounded.
You shoot an arrow. The arrow closely misses Josephine.
Josephine points at you and mumbles some strange words.
The ghostly flame explodes!
The ghostly fireball engulfs you!!
You feel drained.
Ouch! That really hurt!
You die...

......)##.####.# #.#
.......##.####.# #.#
......)........#####.######
..........####............#
......)#### ###.###..###.#
.......# #[# #..# #.#
.......# #.# #..###.#
###.)..#########W# #......#
#.............@# ##.###.#
##.).#.#######@# #.# #.#
###.#.# #.# #.# #.# #.#.#
#.####.###.# #.#.#
#.......)).# ######.#.#
#......###.# .......#.#
######## #.# ######.#.#
#######.# #.#.# #.......#


You could see Josephine and a wraith.

Vanquished Creatures
  A boulder beetle (D:9)
  2 two-headed ogres
  Maurice (D:9)
  Sigmund (D:3)
  A shadow (D:9)
  8 yaks (D:9)
  A wraith (D:9)
  A steam dragon (D:8)
  Menkaure (D:4)
  A black bear (D:5)
  2 ice beasts
  3 orc warriors
  A sky beast (D:8)
  An ogre (D:5)
  4 centaurs
  A phantom (D:7)
  2 kobold brigands
  4 bullfrogs
  A gnoll sergeant (D:8)
  A scorpion (D:4)
  7 wights
  2 electric eels (D:9)
  2 bombardier beetles
  A howler monkey (D:8)
  3 hounds
  A sleepcap (D:5)
  A gnoll bouda (D:9)
  3 orc priests
  A jelly (D:5)
  3 iguanas (D:5)
  6 orc wizards
  Robin (D:3)
  4 adders
  10 gnolls
  2 shadow imps (D:6)
  A white imp (D:8)
  2 dart slugs
  5 ribbon worms
  19 orcs
  3 ball pythons
  7 endoplasms
  2 giant cockroaches
  6 hobgoblins
  3 quokkas
  2 bats
  A frilled lizard (D:1)
  12 goblins
  11 kobolds
  3 rats
162 creatures vanquished.

Notes
Turn   | Place    | Note
-------+----------+-------------------------------------------
     0 | D:1      | qw the Spriggan Hunter began the quest for the Orb.
     0 | D:1      | Reached XP level 1. HP: 10/10 MP: 2/2
     0 | D:1      | 0 ||| qw: Version: 0.3-a-158-g18b3111
     0 | D:1      | 0 ||| qw: Game counter: 4110
     0 | D:1      | 0 ||| qw: Melee chars always use a shield: true
     0 | D:1      | 0 ||| qw: God list: Okawaru
     0 | D:1      | 0 ||| qw: Allow faded altars: false
     0 | D:1      | 0 ||| qw: Do Orc after clearing Dungeon:15 true
     0 | D:1      | 0 ||| qw: Do second Lair branch before Depths: true
     0 | D:1      | 0 ||| qw: Lair rune preference: random
     0 | D:1      | 0 ||| qw: Goals: Normal
     0 | D:1      | 0 ||| PLANNING D:1-11
    84 | D:1      | Reached skill level 3 in Dodging
   206 | D:1      | Reached XP level 2. HP: 11/14 MP: 3/3
   223 | D:1      | Found a faded altar of an unknown god.
   772 | D:1      | 772 ||| UPGRADING to +4 ring of slaying {mikee}.
   773 | D:1      | 773 ||| READING scroll labelled ORPHUBR BULOERE.
   773 | D:1      | 773 ||| IDENTIFYING smoky red potion
   790 | D:1      | 790 ||| READING scroll labelled HYFAUXI RAOMN.
   809 | D:1      | 809 ||| READING scroll labelled EMUORY CAIPEYT.
   910 | D:1      | 910 ||| DRINKING 2 brown potions.
   911 | D:1      | 911 ||| DROPPING scroll of butterflies.
   974 | D:2      | Found a glowing golden altar of the Shining One.
  1018 | D:2      | Found Leatted's Magic Scroll Emporium.
  1028 | D:2      | 1028 ||| BUYING scroll of enchant armour (82 gold).
  1028 | D:2      | Bought a scroll of enchant armour for 82 gold pieces
  1028 | D:2      | 1028 ||| SHOPLISTING scroll of identify (22 gold, have 18).
  1028 | D:2      | 1028 ||| SHOPLISTING scroll of teleportation (33 gold, have
                  | 18).
  1146 | D:2      | Reached XP level 3. HP: 18/18 MP: 4/4
  1231 | D:2      | Found Maenk's General Store.
  1237 | D:2      | 1237 ||| SHOPLISTING potion of heal wounds (50 gold, have
                  | 36).
  1237 | D:2      | 1237 ||| SHOPLISTING scarf of Magury {harm, +Blink rC+
                  | Str-2 Slay+3} (364 gold, have 36).
  1237 | D:2      | 1237 ||| BUYING scroll of teleportation (30 gold).
  1237 | D:2      | Bought a scroll of teleportation for 30 gold pieces
  1324 | D:2      | Found Jeuginag's Book Shop.
  1527 | D:2      | 1527 ||| READING scroll labelled JALIPP BUIGOM.
  1528 | D:2      | 1528 ||| READING scroll labelled IZUHAMN DOZXI.
  1529 | D:2      | 1529 ||| DRINKING 2 glowing pink potions.
  1530 | D:2      | 1530 ||| DRINKING 2 smoky white potions.
  1562 | D:2      | 1562 ||| DROPPING potion of lignification.
  1576 | D:3      | Noticed Sigmund
  1580 | D:3      | Killed Sigmund
  1581 | D:3      | Reached skill level 6 in Ranged Weapons
  1581 | D:3      | Reached XP level 4. HP: 22/22 MP: 5/5
  1581 | D:3      | Reached XP level 5. HP: 25/25 MP: 6/6
  1620 | D:3      | 1620 ||| FLEEEEING.
  1621 | D:3      | 1621 ||| FLEEEEING.
  1622 | D:3      | 1622 ||| FLEEEEING.
  1623 | D:3      | 1623 ||| FLEEEEING.
  1624 | D:3      | 1624 ||| FLEEEEING.
  1625 | D:3      | 1625 ||| FLEEEEING.
  1626 | D:3      | 1626 ||| FLEEEEING.
  1627 | D:3      | 1627 ||| FLEEEEING.
  1628 | D:3      | 1628 ||| FLEEEEING.
  1629 | D:3      | 1629 ||| FLEEEEING.
  1630 | D:3      | 1630 ||| FLEEEEING.
  1631 | D:3      | 1631 ||| FLEEEEING.
  1831 | D:3      | Noticed Robin
  1839 | D:3      | 1839 ||| FLEEEEING.
  1841 | D:3      | 1841 ||| FLEEEEING.
  1845 | D:3      | Killed Robin
  1846 | D:3      | Reached XP level 6. HP: 22/30 MP: 7/7
  1846 | D:3      | 1846 ||| FLEEEEING.
  1847 | D:3      | 1847 ||| FLEEEEING.
  1848 | D:3      | 1848 ||| FLEEEEING.
  1849 | D:3      | 1849 ||| FLEEEEING.
  1850 | D:3      | 1850 ||| FLEEEEING.
  1851 | D:3      | 1851 ||| FLEEEEING.
  1852 | D:3      | 1852 ||| FLEEEEING.
  1853 | D:3      | 1853 ||| FLEEEEING.
  1854 | D:3      | 1854 ||| FLEEEEING.
  1855 | D:3      | 1855 ||| FLEEEEING.
  1856 | D:3      | 1856 ||| FLEEEEING.
  1857 | D:3      | 1857 ||| FLEEEEING.
  1859 | D:3      | 1859 ||| FLEEEEING.
  1862 | D:3      | 1862 ||| FLEEEEING.
  1863 | D:3      | 1863 ||| FLEEEEING.
  1864 | D:3      | 1864 ||| FLEEEEING.
  1867 | D:3      | 1867 ||| FLEEEEING.
  1868 | D:3      | 1868 ||| FLEEEEING.
  1869 | D:3      | 1869 ||| FLEEEEING.
  1870 | D:3      | 1870 ||| FLEEEEING.
  1871 | D:3      | 1871 ||| FLEEEEING.
  1872 | D:3      | 1872 ||| FLEEEEING.
  1873 | D:3      | 1873 ||| STAIRDANCE
  1884 | D:2      | 1884 ||| READING scroll labelled YHOMAV CODI.
  1884 | D:2      | 1884 ||| BRANDING +0 shortbow.
  1887 | D:3      | 1887 ||| STAIRDANCE
  2395 | D:4      | Noticed Menkaure
  2399 | D:4      | Killed Menkaure
  2400 | D:4      | Reached skill level 6 in Dodging
  2502 | D:4      | Found a white marble altar of Elyvilon.
  2637 | D:4      | Found a hide-covered altar of Uskayaw.
  2643 | D:4      | Found a shadowy altar of Dithmenos.
  2646 | D:4      | Found a stormy altar of Qazlal.
  2646 | D:4      | Found a radiant altar of Vehumet.
  2653 | D:4      | Found a snail-covered altar of Cheibriados.
  2661 | D:4      | Reached XP level 7. HP: 35/35 MP: 8/8
  2850 | D:4      | Found a broken altar of Ashenzari.
  2955 | D:5      | Entered Level 5 of the Dungeon
  2965 | D:5      | Found Wyriypp's Distillery.
  3096 | D:5      | 3096 ||| SHOPLISTING potion of haste (120 gold, have 112).
  3096 | D:5      | 3096 ||| BUYING potion of might (48 gold).
  3096 | D:5      | Bought a potion of might for 48 gold pieces
  3096 | D:5      | 3096 ||| SHOPLISTING potion of mutation (96 gold, have 64).
  3096 | D:5      | 3096 ||| SHOPLISTING potion of resistance (120 gold, have
                  | 64).
  3124 | D:5      | Found Muestagg's Book Shop.
  3304 | D:5      | Found Lulom's Weapon Shoppe.
  3406 | D:5      | Found Riucew's Magic Scroll Shoppe.
  3426 | D:5      | 3426 ||| BUYING 3 scrolls of teleportation (108 gold).
  3426 | D:5      | Bought 3 scrolls of teleportation for 108 gold pieces
  3426 | D:5      | 3426 ||| SHOPLISTING scroll of brand weapon (114 gold, have
                  | 1).
  3426 | D:5      | 3426 ||| SHOPLISTING scroll of identify (24 gold, have 1).
  3436 | D:5      | Found Bysytin's General Store.
  3444 | D:5      | 3444 ||| SHOPLISTING potion of enlightenment (55 gold, have
                  | 1).
  3444 | D:5      | 3444 ||| SHOPLISTING potion of heal wounds (55 gold, have
                  | 1).
  3444 | D:5      | 3444 ||| SHOPLISTING ring of ice (275 gold, have 1).
  3444 | D:5      | 3444 ||| SHOPLISTING wand of paralysis (3) (79 gold, have
                  | 1).
  3444 | D:5      | 3444 ||| SHOPLISTING wand of paralysis (5) (132 gold, have
                  | 1).
  3444 | D:5      | 3444 ||| SHOPLISTING wand of polymorph (5) (77 gold, have
                  | 1).
  3615 | D:5      | Found a sparkling altar of Nemelex Xobeh.
  3745 | D:5      | 3745 ||| UPGRADING to amulet of the acrobat.
  3750 | D:5      | 3750 ||| UPGRADING to ring of willpower.
  3751 | D:5      | 3751 ||| READING 3 scrolls of identify.
  3751 | D:5      | 3751 ||| IDENTIFYING fizzy yellow potion
  3752 | D:5      | 3752 ||| READING 2 scrolls of identify.
  3752 | D:5      | 3752 ||| IDENTIFYING scroll labelled XAFO QOHAC
  3753 | D:5      | 3753 ||| DROPPING scroll of noise.
  3802 | D:6      | Reached XP level 8. HP: 39/39 MP: 9/9
  3853 | D:6      | Reached skill level 3 in Fighting
  4220 | D:6      | Reached skill level 9 in Ranged Weapons
  4476 | D:6      | 4476 ||| UPGRADING to +0 cloak.
  4481 | D:6      | 4481 ||| READING scroll of enchant armour.
  4481 | D:6      | 4481 ||| ENCHANTING +0 cloak.
  4482 | D:6      | 4482 ||| UPGRADING to +4 ring of protection.
  4484 | D:6      | 4484 ||| DROPPING ring of resist corrosion.
  4485 | D:6      | 4485 ||| DROPPING ring of willpower.
  4486 | D:6      | 4486 ||| READING 2 scrolls of identify.
  4486 | D:6      | 4486 ||| IDENTIFYING cyan potion
  4487 | D:6      | 4487 ||| READING scroll of identify.
  4487 | D:6      | 4487 ||| IDENTIFYING green potion
  4488 | D:6      | 4488 ||| READING scroll labelled FUOKKO DUH VIWI.
  4489 | D:6      | 4489 ||| DROPPING potion of attraction.
  4657 | D:7      | Reached skill level 9 in Dodging
  4701 | D:7      | Found a bloodstained altar of Trog.
  4715 | D:7      | Found the +8 whip "Snakebite" {venom, curare, rPois}
  4912 | D:7      | 4912 ||| SWAPPING to +0 orcbow.
  4913 | D:7      | 4913 ||| DROPPING +0 shortbow of freezing.
  4979 | D:7      | Found a staircase to the Ecumenical Temple.
  4980 | D:7      | 4980 ||| PLANNING TEMPLE
  5087 | D:7      | 5087 ||| UPGRADING to +2 hat.
 13264 | D:7      | 13264 ||| STAIRDANCE
 13268 | D:6      | Reached XP level 9. HP: 44/44 MP: 10/10
 17945 | D:7      | 17945 ||| qw: Version: 0.3-a-158-g18b3111
 17945 | D:7      | 17945 ||| qw: Game counter: 4110
 17945 | D:7      | 17945 ||| qw: Melee chars always use a shield: true
 17945 | D:7      | 17945 ||| qw: God list: Okawaru
 17945 | D:7      | 17945 ||| qw: Allow faded altars: false
 17945 | D:7      | 17945 ||| qw: Do Orc after clearing Dungeon:15 true
 17945 | D:7      | 17945 ||| qw: Do second Lair branch before Depths: true
 17945 | D:7      | 17945 ||| qw: Lair rune preference: random
 17945 | D:7      | 17945 ||| qw: Goals: Normal
 17945 | D:7      | 17945 ||| PLANNING TEMPLE
 17997 | Temple   | Entered the Ecumenical Temple
 17998 | Temple   | 17998 ||| PLANNING OKAWARU WORSHIP
 18006 | Temple   | Became a worshipper of Warmaster Okawaru
 18007 | Temple   | 18007 ||| PLANNING D:1-11
 18215 | D:8      | Noticed a two-headed ogre
 18224 | D:8      | Killed a two-headed ogre
 18224 | D:8      | Reached * piety under Okawaru
 18241 | D:8      | Found a runed translucent gate.
 18241 | D:8      | Found a runed translucent gate.
 18241 | D:8      | Found a runed translucent gate.
 18241 | D:8      | Noticed qw's ghost (novice DEHu)
 18402 | D:8      | Reached skill level 1 in Invocations
 18427 | D:8      | 18427 ||| RETREEEEATING.
 18428 | D:8      | 18428 ||| RETREEEEATING.
 18429 | D:8      | 18429 ||| RETREEEEATING.
 18430 | D:8      | 18430 ||| RETREEEEATING.
 18433 | D:8      | 18433 ||| RETREEEEATING.
 18434 | D:8      | 18434 ||| RETREEEEATING.
 18435 | D:8      | 18435 ||| FLEEEEING.
 18436 | D:8      | 18436 ||| FLEEEEING.
 18439 | D:8      | 18439 ||| RETREEEEATING.
 18440 | D:8      | 18440 ||| RETREEEEATING.
 18441 | D:8      | 18441 ||| RETREEEEATING.
 18456 | D:8      | HP: 11/45 [gnoll/+0 club[a gnoll sergeant] (3)]
 18457 | D:8      | 18457 ||| READING 6 scrolls of teleportation.
 18457 | D:8      | HP: 3/45 [gnoll sergeant/+0 spear (8)]
 18458 | D:8      | 18458 ||| DRINKING 2 potions of heal wounds.
 18459 | D:8      | Reached ** piety under Okawaru
 18642 | D:8      | Identified the ring of Muogh {+Blink rCorr Str+4}
 18759 | D:8      | 18759 ||| UPGRADING to +0 steam dragon scales.
 18769 | D:8      | 18769 ||| DROPPING +0 robe.
 18770 | D:8      | 18770 ||| DROPPING ring of Muogh {+Blink rCorr Str+4}.
 18777 | D:9      | Noticed a boulder beetle
 18778 | D:9      | 18778 ||| INVOKING Heroism.
 18795 | D:9      | 18795 ||| INVOKING Heroism.
 18805 | D:9      | Killed a boulder beetle
 18806 | D:9      | Reached skill level 1 in Armour
 18806 | D:9      | Reached XP level 10. HP: 46/49 MP: 10/14
 18831 | D:9      | 18831 ||| STAIRDANCE
 18859 | D:9      | Noticed Maurice
 18860 | D:9      | 18860 ||| INVOKING Heroism.
 18867 | D:9      | Killed Maurice
 18976 | D:9      | 18976 ||| INVOKING Heroism.
 18993 | D:9      | Reached skill level 12 in Dodging
 19248 | D:9      | 19248 ||| UPGRADING to +1 cloak of willpower.
 19258 | D:9      | 19258 ||| DROPPING +1 cloak.
 19268 | D:9      | 19268 ||| RETREEEEATING.
 19269 | D:9      | 19269 ||| RETREEEEATING.
 19271 | D:9      | 19271 ||| RETREEEEATING.
 19272 | D:9      | 19272 ||| RETREEEEATING.
 19273 | D:9      | 19273 ||| RETREEEEATING.
 19274 | D:9      | 19274 ||| RETREEEEATING.
 19275 | D:9      | 19275 ||| RETREEEEATING.
 19276 | D:9      | 19276 ||| RETREEEEATING.
 19278 | D:9      | 19278 ||| RETREEEEATING.
 19283 | D:9      | 19283 ||| RETREEEEATING.
 19294 | D:9      | Reached *** piety under Okawaru
 19463 | D:9      | Noticed a two-headed ogre
 19464 | D:9      | 19464 ||| INVOKING Heroism.
 19471 | D:9      | Killed a two-headed ogre
 19472 | D:9      | Reached skill level 12 in Ranged Weapons
 19780 | D:9      | 19780 ||| READING scroll of identify.
 19780 | D:9      | 19780 ||| IDENTIFYING white potion
 19781 | D:9      | 19781 ||| DROPPING potion of brilliance.
 19797 | D:10     | Entered Level 10 of the Dungeon
 19800 | D:10     | Noticed Josephine
 19801 | D:10     | 19801 ||| INVOKING Heroism.
 19802 | D:10     | 19802 ||| STAIRDANCE
 19839 | D:10     | 19839 ||| STAIRDANCE
 19841 | D:9      | 19841 ||| INVOKING Heroism.
 19847 | D:9      | Killed from afar by Josephine

Levels and vault maps discovered:
D:1:      lightli_molten_gateway, layout_basic,
          hellmonk_ecumenical_altar_crossroads, nicolae_houndstooth_variations
D:2:      layout_basic, serial_shops, shop, nicolae_shop_trees, shop,
          basic_altar
D:3:      layout_loops_ring, uniq_robin, uniq_sigmund
D:4:      layout_cave_pods, mainiacjoe_overflow_24_doors,
          mainiacjoe_overflow_tiny_flanked,
          nicolae_overflow_hallway_of_the_gods, uniq_menkaure
D:5:      layout_basic, nemelex_spade_bored_becter, serial_shops, shop,
          nicolae_shop_gibbet_a_chance, shop, kennysheep_mini_moat,
          nicolae_shop_waterfront, nicolae_elevator_lobby_asterisk
D:6:      layout_loops_ring
D:7:      layout_basic, mainiacjoe_overflow_boulevard, temple_doors_cd
D:8:      layout_basic, ebering_ghost_rock_garden, st_stairs_11
D:9:      layout_loops_ring, nicolae_lava_and_water, minivault_27,
          hangedman_glass_teeth, uniq_maurice
D:10:     layout_gridville, mainiacjoe_overflow_concentric_impassable,
          lemuel_crystal_altar, nicolae_hepliaklqana_hippocampus, serial_shops,
          nicolae_diamond_shop, uniq_josephine
Temple:   eino_temple_lava

Skill      XL: |  1  2  3  4  5  6  7  8  9 10 |
---------------+-------------------------------+-----
Dodging        | 3 4 5 6 8 9 11 12 | 12.1
Ranged Weapons | 6 8 10 12 | 12.4
Fighting       | 2 3 4 |  4.7
Invocations    | 4 |  4.1
Armour         | 1 |  1.9
Stealth        | |  1.5

Action                     |  1- 3 |  4- 6 |  7- 9 | 10-12 || total
---------------------------+-------+-------+-------+-------++-------
   Fire: Shortbow          |    65 |    93 |   145 |       ||   303
         Orcbow            |       |       |   129 |   148 ||   277
 Invoke: Heroism           |       |       |     2 |     5 ||     7
    Use: Scroll            |     5 |     1 |     7 |     1 ||    14
         Potion            |     3 |       |     1 |       ||     4
 Armour: Robe              |     2 |    10 |    25 |       ||    37
         Steam dragon scal |       |       |     1 |    15 ||    16
  Dodge: Dodged            |    16 |    15 |   112 |    62 ||   205

Table legend:
 A = Non-vault XP
 B = Vault XP
 C = Vault XP percentage of total XP
 D = Non-vault monster count
 E = Vault monster count
 F = Vault count percentage of total count
                 A         B        C        D         E       F
            +---------+---------+-------+---------+---------+-------
      Total |    8692 |    1199 |  12.1 |     144 |      18 |  11.1
            +---------+---------+-------+---------+---------+-------
        D:1 |      20 |       0 |   0.0 |      13 |       0 |   0.0
        D:2 |      50 |       2 |   3.8 |      11 |       1 |   8.3
        D:3 |      72 |     258 |  78.2 |      12 |      12 |  50.0
        D:4 |     205 |     165 |  44.6 |      13 |       1 |   7.1
        D:5 |     598 |       0 |   0.0 |      11 |       0 |   0.0
        D:6 |     671 |       0 |   0.0 |      13 |       0 |   0.0
        D:7 |     857 |       0 |   0.0 |      17 |       0 |   0.0
        D:8 |    1644 |     224 |  12.0 |      21 |       3 |  12.5
        D:9 |    4575 |     550 |  10.7 |      33 |       1 |   2.9
            +---------+---------+-------+---------+---------+-------
